Map: Port Aleksander LE

Players

Ziggy

  • Race: Terran Terran
  • Spawn Location: 11:00

RiSky - Winner!

  • Race: Zerg Zerg
  • Spawn Location: 5:00

Event: IEM Season 13: Katowice (2019)

VOD

Have the link to the VOD?

Description

Time

  • Played on: Feb. 25, 2019, 11:06 a.m.
  • Length: 20:16

All games in this series

Show
View Real Time Build Order
Export as new Build Order

Ziggy Terran 

Build Orders: Hellion Opening, Reaper Expand, Mech 

Get SALT Encoding   

  12  0:00  SCV  
  13  0:12  SCV  
  14  0:18  Supply Depot  
  14  0:24  SCV  
  15  0:39  SCV  
  15  0:40  Barracks  
  16  0:44  Refinery  
  16  0:51  SCV  
  17  1:03  SCV  
  18  1:15  SCV  
  19  1:26  Reaper  
  19  1:27  Orbital Command  
  20  1:41  Command Center  
  20  1:52  Supply Depot  
  20  1:53  SCV  
  21  1:58  Marine  
  22  2:06  Factory  
  22  2:09  SCV  
  23  2:15  Refinery  
  23  2:21  Barracks Reactor  
  23  2:24  SCV  
  24  2:36  SCV  
  25  2:48  SCV  
  26  2:53  Starport  
  26  2:54  Orbital Command  
  26  3:00  SCV, Hellion x2  
  31  3:12  SCV  
  32  3:17  Refinery  
  32  3:21  SCV  
  32  3:22  Hellion  
  32  3:24  SCV  
  32  3:25  Hellion  
  38  3:33  Fusion Core  
  38  3:35  SCV  
  39  3:43  Supply Depot, Hellion  
  39  3:47  Hellion  
  39  3:48  SCV  
  44  3:50  SCV  
  44  3:53  Marine  
  44  3:55  Starport Tech Lab  
  46  4:05  SCV x2  
  46  4:07  Supply Depot  
  48  4:11  Hellion x2  
  52  4:17  SCV  
  53  4:28  Command Center  
  53  4:29  Armory  
  53  4:31  SCV  
  54  4:35  SCV  
  54  4:38  Hellion  
  57  4:43  Hellion  
  59  4:46  SCV  
  59  4:47  SCV  
  59  4:49  Supply Depot  
  59  4:52  Supply Depot  
  61  5:05  Factory  
  61  5:07  Factory  
  61  5:10  SCV  
  61  5:11  SCV  
  67  5:14  Hellion x2  
  67  5:18  Terran Vehicle And Ship Armor Level 1  
  67  5:22  SCV  
  67  5:23  SCV  
  70  5:42  SCV  
  70  5:43  SCV  
  70  5:45  Orbital Command  
  71  5:50  Factory Tech Lab  
  71  5:51  Factory Tech Lab  
  71  5:54  Factory  
  71  5:55  Factory  
  71  6:00  Refinery  
  71  6:05  SCV x2  
  71  6:09  Thor  
  71  6:10  Engineering Bay  
  74  6:18  SCV x2  
  74  6:22  Thor  
  76  6:32  Orbital Command, SCV x2  
  77  6:40  Factory Tech Lab x2  
  77  6:42  Missile Turret x2  
  77  6:44  SCV x2  
  77  6:45  Hellion x2  
  83  6:52  Siege Tank  
  86  6:54  Missile Turret  
  86  6:56  SCV  
  86  6:58  SCV  
  86  7:00  SCV  
  89  7:05  Siege Tank  
  89  7:08  Missile Turret  
  92  7:11  Supply Depot  
  92  7:13  Supply Depot, Siege Tank  
  90  7:16  SCV x2  
  90  7:20  SCV  
  90  7:22  Siege Tank  
  96  7:25  Siege Tank  
  96  7:26  Hellion  
  101  7:32  Terran Vehicle And Ship Armor Level 2, SCV x2  
  101  7:33  Hellion  
  101  7:36  SCV  
  106  7:40  Siege Tank  
  108  7:44  SCV  
  108  7:49  SCV  
  108  7:50  Siege Tank  
  113  7:54  Thor  
  113  7:56  SCV x2  
  119  8:06  Siege Tank  
  119  8:10  SCV x2  
  124  8:16  Factory  
  124  8:17  Refinery, Hellion x6  
  124  8:19  Refinery  
  113  8:27  Hellion x2  
  113  8:28  Siege Tank  
  113  8:29  SCV x2  
  113  8:32  SCV  
  117  8:41  SCV x2  
  117  8:44  SCV  
  117  8:45  Siege Tank  
  123  8:53  SCV x2  
  125  8:58  Supply Depot x2  
  125  8:59  Supply Depot  
  125  9:00  Supply Depot  
  125  9:08  Hellion  
  125  9:09  SCV, Hellion, Infernal Pre-Igniter  
  124  9:19  Cyclone  
  124  9:20  Cyclone x2  
  124  9:21  Factory Reactor  
  135  9:24  Cyclone  
  135  9:29  Hellion  
  135  9:31  Hellion  
  137  9:35  SCV x2  
  136  9:39  Banshee  
  139  9:47  Command Center  
  139  9:50  Hellion  
  139  9:51  Cyclone  
  139  9:52  Hellion, Siege Tank  
  149  9:55  Missile Turret  
  149  9:56  Missile Turret  
  149  10:00  Supply Depot  
  149  10:01  Supply Depot, Hyperflight Rotors  
  149  10:12  Siege Tank x2  
  148  10:16  Hellion x2  
  148  10:23  SCV x2  
  148  10:24  Banshee  
  153  10:33  Siege Tank  
  153  10:35  SCV x2  
  150  10:44  Thor  
  150  10:45  Hellion  
  152  10:58  Hellion  
  152  10:59  Hellion  
  152  11:00  Siege Tank x2  
  158  11:11  Banshee  
  158  11:15  Cyclone  
  158  11:16  Hellion x2  
  172  11:25  Hellion  
  172  11:26  Hellion  
  172  11:32  Siege Tank x2  
  175  11:40  Planetary Fortress  
  175  11:45  Refinery, Hellion  
  175  11:46  Hellion  
  179  11:47  Mag-Field Accelerator  
  179  11:48  Refinery  
  179  11:56  Siege Tank  
  179  11:57  Hellion  
  179  11:58  Hellion  
  186  12:04  Hellion x6  
  186  12:07  Supply Depot  
  186  12:09  Supply Depot  
  186  12:13  Banshee  
  178  12:16  Siege Tank  
  178  12:18  Hellion  
  176  12:27  Siege Tank x2  
  182  12:35  Cloaking Field  
  182  12:37  SCV  
  182  12:38  SCV x3  
  186  12:47  Thor  
  186  12:48  Hellion, Sensor Tower  
  194  12:55  Hellion x2  
  181  13:06  Siege Tank x2  
  181  13:09  Hellion x2  
  181  13:10  Hellion  
  171  13:16  Hellion x2  
  157  13:30  Hellion x2  
  157  13:31  Hellion x2  
  163  13:37  Hellion  
  163  13:38  Hellion  
  163  13:39  Hellion x2  
  171  13:48  Banshee  
  153  13:52  Hellion  
  153  13:53  Hellion  
  160  13:58  Starport x2  
  160  13:59  Hellion  
  169  14:03  Thor x3  
  170  14:13  Thor  
  169  14:30  Viking  
  159  14:42  Starport Reactor x2  
  159  14:46  Thor  
  159  14:49  Thor  
  171  14:58  Thor, Hellbat  
  179  15:04  Viking  
  181  15:15  Thor  
  187  15:44  Supply Depot x2  
  187  15:45  Viking x2  
  187  15:48  Supply Depot  
  188  15:54  Viking  
  188  15:56  Viking  
  187  15:58  Viking  
  187  16:02  Hellion  
  188  16:05  Hellion  
  188  16:11  Hellion x2  
  192  16:27  Viking x3  
  198  16:36  Hellion  
  192  16:51  Hellion x2  
  192  16:52  Hellion x2  
  200  17:00  Viking x2  
  185  17:13  Viking  
  185  17:14  Viking  
  166  17:18  Siege Tank  
  143  17:31  Siege Tank x2  
  143  17:45  Viking x2  
  144  17:53  Orbital Command  
  144  17:54  Viking  
  139  18:01  Orbital Command  
  139  18:02  Hellion x2  
  114  18:09  Cyclone  
  110  18:16  Hellion  
  111  18:31  SCV x4  
  115  18:36  Hellion  
  117  18:43  SCV x2  
  119  18:49  SCV  
  119  18:54  SCV  
  121  19:00  Hellion  
  116  19:08  Liberator, Cyclone  
  119  19:10  SCV x2  
  119  19:14  Liberator x2, SCV x2  
  123  19:22  SCV x2  
  128  19:38  SCV  
Show
View Real Time Build Order
Export as new Build Order

RiSky Zerg - Winner!

Build Orders: Pool First, Brood Lord Corruptor, Swarm Host 

Get SALT Encoding   

  12  0:01  Drone  
  13  0:12  Overlord  
  13  0:18  Drone  
  14  0:31  Drone x2  
  16  0:37  Drone  
  17  0:45  Spawning Pool  
  17  0:48  Drone  
  17  1:09  Hatchery  
  16  1:12  Drone  
  16  1:16  Drone  
  18  1:26  Extractor  
  18  1:32  Zergling x4  
  19  1:33  Queen  
  21  1:40  Overlord  
  21  1:50  Drone  
  22  2:00  Drone  
  23  2:09  Queen  
  23  2:11  Drone  
  26  2:22  Queen, Drone x2  
  30  2:37  Metabolic Boost  
  30  2:39  Drone  
  30  2:43  Drone  
  30  2:44  Drone x3  
  30  2:45  Drone  
  34  2:59  Hatchery  
  34  3:04  Drone  
  34  3:06  Drone  
  34  3:08  Overlord  
  34  3:12  Drone  
  36  3:19  Overlord  
  36  3:27  Drone x2  
  38  3:28  Drone x2  
  38  3:29  Drone  
  38  3:32  Queen, Drone  
  44  3:37  Overlord  
  44  3:40  Drone x2  
  46  3:46  Zergling x4  
  48  3:50  Drone x2  
  48  3:51  Drone x2  
  48  3:55  Drone  
  53  4:01  Overlord  
  53  4:02  Zergling x4  
  55  4:04  Drone  
  55  4:05  Drone  
  55  4:08  Lair  
  57  4:13  Queen  
  57  4:15  Drone  
  60  4:19  Overlord  
  60  4:23  Drone x2  
  62  4:24  Drone  
  62  4:27  Drone x2  
  65  4:32  Roach Warren  
  65  4:33  Drone x2  
  65  4:37  Overlord  
  66  4:38  Drone  
  66  4:40  Drone x2  
  66  4:41  Drone  
  66  4:43  Drone  
  66  4:44  Drone  
  72  4:47  Extractor x2  
  72  4:49  Zergling x2  
  72  4:52  Zergling x2  
  72  4:54  Zergling x2  
  72  4:57  Spore Crawler  
  72  4:58  Spore Crawler  
  72  4:59  Spore Crawler x2, Queen  
  69  5:02  Zergling x4  
  73  5:07  Drone  
  73  5:08  Queen  
  73  5:09  Drone  
  73  5:13  Drone x2  
  79  5:15  Drone  
  79  5:16  Drone  
  79  5:17  Drone  
  82  5:22  Overlord  
  82  5:24  Overlord  
  82  5:25  Overlord  
  82  5:29  Glial Reconstitution, Spire  
  82  5:30  Drone  
  82  5:42  Zergling x14  
  80  5:46  Zergling x6  
  80  5:49  Roach  
  85  5:53  Roach  
  85  5:55  Roach  
  88  5:58  Roach  
  88  6:01  Roach  
  92  6:05  Drone x2, Extractor  
  92  6:07  Overlord  
  93  6:15  Drone  
  93  6:16  Drone  
  93  6:17  Drone x2  
  90  6:23  Drone x2  
  91  6:27  Drone  
  91  6:28  Drone  
  91  6:29  Drone  
  91  6:30  Drone  
  91  6:32  Drone  
  96  6:33  Extractor  
  96  6:34  Extractor  
  96  6:35  Drone x2  
  96  6:38  Drone  
  97  6:42  Drone  
  97  6:44  Zerg Flyer Weapons Level 1  
  98  6:48  Overlord  
  98  6:51  Hatchery  
  98  6:52  Drone  
  95  6:56  Mutalisk x2  
  95  6:57  Mutalisk x3  
  105  7:02  Overlord  
  105  7:06  Infestation Pit  
  104  7:08  Evolution Chamber  
  104  7:09  Evolution Chamber  
  104  7:10  Drone x2  
  104  7:12  Roach  
  106  7:16  Zergling x6  
  109  7:25  Overlord  
  109  7:26  Overlord x2  
  109  7:29  Roach  
  115  7:30  Roach x2  
  115  7:36  Roach x3  
  121  7:37  Overlord x2  
  121  7:39  Zerg Missile Weapons Level 1, Zerg Ground Armor Level 1, Overlord  
  121  7:44  Overlord x2  
  121  7:48  Overlord  
  121  7:50  Ravager  
  120  8:01  Swarm Host  
  120  8:02  Swarm Host x4  
  135  8:06  Swarm Host  
  135  8:09  Swarm Host  
  140  8:14  Drone x10  
  150  8:21  Drone  
  149  8:27  Extractor  
  149  8:28  Extractor  
  149  8:31  Drone x2  
  149  8:33  Roach  
  149  8:34  Roach x2  
  130  8:42  Roach  
  130  8:43  Roach x6  
  130  8:46  Swarm Host x2  
  130  8:47  Swarm Host  
  153  8:49  Swarm Host  
  153  8:50  Swarm Host  
  159  8:56  Spine Crawler, Swarm Host  
  157  9:09  Swarm Host x3  
  151  9:12  Drone  
  151  9:13  Drone x2  
  151  9:15  Drone x2  
  165  9:19  Roach x7  
  179  9:25  Roach  
  179  9:26  Roach x2  
  179  9:27  Ravager  
  179  9:29  Roach x2  
  192  9:31  Roach  
  193  9:38  Ravager x2  
  193  9:39  Ravager  
  195  9:51  Ravager x3  
  198  9:58  Ravager  
  199  10:06  Hatchery  
  194  10:10  Roach x2  
  194  10:15  Roach x4  
  194  10:20  Hive  
  194  10:21  Zerg Missile Weapons Level 2  
  196  10:22  Baneling Nest  
  193  10:29  Roach  
  193  10:30  Roach x2  
  190  10:46  Drone x3  
  190  10:47  Drone x6  
  199  10:56  Roach x5  
  199  10:58  Pathogen Glands  
  199  11:07  Queen  
  199  11:08  Overseer  
  191  11:13  Centrifical Hooks  
  191  11:14  Zergling x16  
  198  11:30  Ravager  
  199  11:42  Greater Spire  
  199  11:51  Extractor  
  199  11:52  Extractor  
  197  11:55  Baneling x11  
  197  12:01  Ravager x5  
  195  12:21  Corruptor x6  
  198  12:26  Spore Crawler x2  
  196  12:45  Spore Crawler  
  199  13:25  Brood Lord x6  
  195  13:36  Spore Crawler  
  188  13:42  Corruptor  
  188  13:43  Corruptor x2  
  191  13:54  Zergling x18  
  200  14:16  Zerg Melee Weapons Level 1, Zerg Missile Weapons Level 3  
  199  14:25  Corruptor  
  199  14:28  Spine Crawler  
  199  14:29  Spine Crawler  
  191  14:47  Corruptor x2  
  191  14:50  Spore Crawler  
  191  14:52  Spore Crawler, Overseer  
  191  14:59  Zerg Flyer Weapons Level 2  
  191  15:00  Hydralisk Den  
  191  15:02  Drone x11  
  191  15:03  Spore Crawler  
  191  15:05  Spore Crawler  
  195  15:07  Pneumatized Carapace  
  194  15:15  Drone x2  
  194  15:16  Drone x2  
  198  15:31  Grooved Spines  
  192  15:41  Viper x3  
  195  15:48  Brood Lord  
  195  15:49  Brood Lord  
  199  16:22  Spore Crawler  
  199  16:23  Spore Crawler x3  
  193  16:37  Brood Lord x3  
  197  16:42  Brood Lord  
  196  16:54  Corruptor x2  
  200  17:08  Hatchery  
  184  17:28  Overlord x3  
  184  17:29  Overlord x8  
  181  17:35  Zerg Ground Armor Level 2, Zerg Melee Weapons Level 2  
  181  17:36  Zerg Flyer Weapons Level 3  
  181  17:41  Overlord x2  
  181  17:51  Hydralisk x10  
  190  17:59  Hydralisk x5  
  177  18:10  Hydralisk x4  
  199  18:25  Corruptor x5  
  191  18:43  Muscular Augments  
  191  18:44  Extractor  
  191  18:45  Hatchery, Viper x2  
  195  18:48  Spine Crawler  
  195  18:49  Spine Crawler x2  
  195  18:53  Hatchery  
  191  19:06  Brood Lord  
  191  19:07  Brood Lord x3  
  196  19:33  Brood Lord  
  198  19:38  Zergling x4  

Tags
 
Add a new tag
Caveats
  • Supply blocks, unpowered buildings, or Contaminate may cause inaccurate times.
  • Supply counts are checked every 10 seconds.